 Dungeon Sprint DCSS version 0.19.4-10-g532645f (console) character file.

68 itsmu the Arsonist (level 8, -2/74 HPs)
             Began as a Demigod Fire Elementalist on Feb 26, 2017.
             Slain by the 27-headed Lernaean hydra (15 damage)
             ... in the Dungeon (Sprint VI: "Thunderdome").
             The game lasted 00:06:32 (682 turns).

itsmu the Arsonist (Demigod Fire Elementalist)       Turns: 682, Time: 00:06:32

Health: -2/74      AC:  4    Str: 11    XL:     8   Next: 63%
Magic:  16/23      EV: 18    Int: 23    God:
Gold:   95         SH:  0    Dex: 19    Spells: 4 memorised, 12 levels left

rFire  + . .     SeeInvis .     a - +0 hand axe (curse)
rCold  . . .     Gourm    .     o - +0 troll leather armour
rNeg   . . .     Faith    .     (no shield)
rPois  +         Spirit   .     (no helmet)
rElec  .         Reflect  .     (no cloak)
rCorr  .         Harm     .     (no gloves)
MR     +....     NoTele   +     (no boots)
Stlth  ++........               (no amulet)
                                (no ring)
                                d - ring "Elust" {rPois rF+ MR+ Dex+3}

@: very slightly contaminated, hasted, very quick
A: high mp 1
a: no special abilities


You were in the Dungeon.
You were very hungry.

You visited 1 branch You collected 320 gold pieces.
You spent 225 gold pieces at shops.

Inventory:

Hand Weapons
 a - a cursed +0 hand axe (weapon)
   (You took it off Terence in the Dungeon)
Armour
 o - a +0 troll leather armour (worn)
   (You bought it in a shop in the Dungeon)
Jewellery
 d - the ring "Elust" (left hand) {rPois rF+ MR+ Dex+3}
   (You bought it in a shop in the Dungeon)

   [ring of protection from fire]

   It affects your dexterity (+3).
   It protects you from fire.
   It protects you from poison.
   It affects your resistance to hostile enchantments.
Wands
 k - a wand of acid (2/15)
   (You found it in the Dungeon)
 l - a wand of iceblast (4/15)
   (You found it in the Dungeon)
Scrolls
 i - 4 scrolls of blinking
 m - 3 scrolls of fog
Potions
 e - 3 potions of heal wounds
 f - 3 potions of haste
 h - a potion of berserk rage
 j - 2 potions of resistance
Books
 b - a book of Flames

   Spells                             Type                      Level
   a - Flame Tongue                   Conjuration/Fire             1
   b - Throw Flame                    Conjuration/Fire             2
   c - Conjure Flame                  Conjuration/Fire             3
   d - Inner Flame                    Hexes/Fire                   3
   e - Sticky Flame                   Conjuration/Fire             4
   f - Fireball                       Conjuration/Fire             5
Comestibles
 c - a bread ration


   Skills:
 + Level 8.3 Fighting
 + Level 8.5 Dodging
 - Level 1.7 Stealth
 + Level 7.9 Spellcasting
 + Level 8.3 Conjurations
 + Level 8.8 Fire Magic


You had 12 spell levels left.
You knew the following spells:

 Your Spells              Type           Power        Failure   Level  Hunger
a - Flame Tongue          Conj/Fire      #####        1%          1    None
b - Throw Flame           Conj/Fire      #####.       1%          2    None
c - Conjure Flame         Conj/Fire      #####...     1%          3    None
d - Sticky Flame          Conj/Fire      #####...     2%          4    ###....


Dungeon Overview and Level Annotations

Branches:
Dungeon (1/1)

Shops:
D *[%??*?*:[((!!!!

Annotations:
D Lernaean hydra


Innate Abilities, Weirdness & Mutations

You have an increased reservoir of magic. (+10% MP)


Message History

Aiming: Sticky Flame
Press: ? - help, Shift-Dir - straight line, f/p - 27-headed Lernaean hydra
Aim: the 27-headed Lernaean hydra (lightly wounded)
The sticky flame hits the 27-headed Lernaean hydra.
The 27-headed Lernaean hydra is lightly wounded.
The 27-headed Lernaean hydra is covered in liquid flames!
The 27-headed Lernaean hydra burns!
The 27-headed Lernaean hydra barely misses you.
The 27-headed Lernaean hydra bites you! The 27-headed Lernaean hydra bites you.
The 27-headed Lernaean hydra bites you! x2
* * * LOW HITPOINT WARNING * * *
The 27-headed Lernaean hydra bites you!
* * * LOW HITPOINT WARNING * * *
The 27-headed Lernaean hydra bites you.
* * * LOW HITPOINT WARNING * * *
The 27-headed Lernaean hydra completely misses you.
The 27-headed Lernaean hydra bites you!
* * * LOW HITPOINT WARNING * * *
The 27-headed Lernaean hydra bites you!
You die...

##.....## ##∩.....∩##
#∩.......∩# #_......._#
#_......._# #_........#
###.........### #⌠.......[...⌠#
######.8..MD.....8.######
##∩_........###......___∩##
###∩........8.# #.8........∩##
##.............###.............
#⌠..........###...###..[.......
#⌠..........# #.<.# #..........
#⌠.........)###...###.[........
##............[###[............
###∩........8.# #.8[.......∩##


You could see the 27-headed Lernaean hydra (burning).

Vanquished Creatures
  4 deep elf magi (D)
  Sigmund (D)
  2 wights (D)
  Jessica (D)
  Terence (D)
  An adder skeleton (D)
  An orc (D)
  A bat (D)
  A bat zombie (D)
  2 jackals (D)
  A frilled lizard (D)
  A giant cockroach zombie (D)
  A jackal skeleton (D)
18 creatures vanquished.

Notes
Turn   | Place    | Note
-------+----------+-------------------------------------------
     0 | D        | itsmu the Demigod Fire Elementalist began the quest for the Orb.
     0 | D        | Reached XP level 1. HP: 14/14 MP: 5/5
     3 | D        | Found a blossoming altar of Fedhas.
     3 | D        | Found a shimmering altar of Xom.
     4 | D        | Found a deep blue altar of Sif Muna.
     4 | D        | Found a corrupted altar of Lugonu.
     5 | D        | Found an iron altar of Okawaru.
     5 | D        | Found a viscous altar of Jiyva.
     5 | D        | Round 1.
     6 | D        | Found Siagidol's Identification Station.
     6 | D        | Found Quridiso's Bee Food.
     7 | D        | Found Xofal's Advanced Armour.
     7 | D        | Found Xuhof's Jewellery.
     9 | D        | Found an ancient bone altar of Kikubaaqudgha.
    12 | D        | Reached skill level 1 in Conjurations
    18 | D        | Found a roughly hewn altar of Beogh.
    41 | D        | Found an opulent altar of Gozag.
    41 | D        | Found Assoesow's Premium Goods.
    41 | D        | Found Noguk's Miscellaneous Merchandise.
    42 | D        | Found Detyicuw's Basic Armour.
    47 | D        | Found Xeskizal's Weapon Rack.
    47 | D        | Found a snail-covered altar of Cheibriados.
    47 | D        | Found a stormy altar of Qazlal.
    54 | D        | Bought a +0 troll leather armour for 180 gold pieces
    66 | D        | Found a hide-covered altar of Uskayaw.
    70 | D        | Found a glowing golden altar of the Shining One.
    70 | D        | Found a glowing silver altar of Zin.
    70 | D        | Found Cereihec's Do-It-Yourself Clinic.
    70 | D        | Found Doxeynuk's Bottled Wisdom.
    71 | D        | Found Fyng's Distillery.
    74 | D        | Found a bloodstained altar of Trog.
    74 | D        | Found a shadowy altar of Dithmenos.
    74 | D        | Found a basalt altar of Yredelemnul.
    74 | D        | Found Efepp's Distillery.
    80 | D        | Noticed Jessica
    84 | D        | Found a radiant altar of Vehumet.
    86 | D        | Killed Jessica
    86 | D        | Reached XP level 2. HP: 24/24 MP: 2/8
    87 | D        | Noticed Sigmund
   100 | D        | Found a burning altar of Makhleb.
   100 | D        | Found a sacrificial altar of Ru.
   101 | D        | Found Helixom's Staff Store.
   101 | D        | Found Feinkesa's Magic Scroll Shop.
   108 | D        | Killed Sigmund
   108 | D        | Reached skill level 5 in Fire Magic
   108 | D        | Reached XP level 3. HP: 34/34 MP: 1/11
   108 | D        | Reached XP level 4. HP: 41/41 MP: 1/13
   108 | D        | Reached XP level 5. HP: 47/47 MP: 1/14
   109 | D        | Found Hasain's Must-Have Magic.
   109 | D        | Found Poqo's Magic Scroll Shop.
   109 | D        | Arena points: 5 (+5) [x1]
   123 | D        | Learned a level 2 spell: Throw Flame
   124 | D        | Round 2.
   127 | D        | Learned a level 3 spell: Conjure Flame
   149 | D        | Learned a level 4 spell: Sticky Flame
   169 | D        | Noticed Terence
   176 | D        | Killed Terence
   176 | D        | Reached skill level 5 in Dodging
   271 | D        | Arena points: 29 (+24) [x2]
   311 | D        | Bought a transparent granite ring for 45 gold pieces
   311 | D        | Identified the ring "Elust" {rPois rF+ MR+ Dex+3} (You bought it in a shop in the Dungeon)
   316 | D        | Round 3.
   343 | D        | Noticed a deep elf mage
   346 | D        | Noticed an ice beast
   348 | D        | Noticed a deep elf mage
   353 | D        | Noticed an ice beast
   375 | D        | Noticed an ice beast
   376 | D        | Killed a deep elf mage
   376 | D        | Reached XP level 6. HP: 37/57 MP: 7/18
   384 | D        | Killed a deep elf mage
   384 | D        | Reached XP level 7. HP: 27/66 MP: 5/20
   408 | D        | Noticed a deep elf mage
   419 | D        | Noticed a deep elf mage
   422 | D        | Noticed a fire elemental
   422 | D        | Noticed a fire elemental
   430 | D        | Killed a deep elf mage
   430 | D        | Reached XP level 8. HP: 17/73 MP: 5/22
   437 | D        | Noticed a deep elf mage
   457 | D        | Killed a deep elf mage
   491 | D        | Arena points: 44 (+15) [x1]
   506 | D        | Round 4.
   647 | D        | Arena points: 68 (+24) [x1]
   662 | D        | Round 5.
   669 | D        | Noticed the 27-headed Lernaean hydra
   682 | D        | Slain by the 27-headed Lernaean hydra

Skill      XL: |  1  2  3  4  5  6  7  8 |
---------------+-------------------------+-----
Conjurations   | 2 4 6 7 8 |  8.3
Dodging        | 2 4 6 7 8 |  8.5
Fire Magic     | 3 5 6 7 8 |  8.8
Fighting       | 2 4 6 7 8 |  8.3
Spellcasting   | 2 4 6 7 |  7.9
Stealth        | |  1.7

Action                   |  1- 3 |  4- 6 |  7- 9 || total
-------------------------+-------+-------+-------++-------
Melee: Hand axe          |       |     8 |    25 ||    33
       Unarmed           |       |     4 |       ||     4
 Cast: Flame Tongue      |     8 |     4 |       ||    12
       Sticky Flame      |       |     6 |     9 ||    15
       Throw Flame       |       |       |     8 ||     8
Evoke: Wand              |     2 |     1 |     1 ||     4
  Use: Potion            |     1 |     1 |     3 ||     5
Armor: Troll leather arm |       |    14 |    11 ||    25
Dodge: Dodged            |     4 |    25 |    32 ||    61
